 Dungeon Crawl Stone Soup version 0.32-a0-841-g4648e6c457 (webtiles) character file.

Game seed: 10437337824519701286

34995 Jefftoothebobb the Carver (level 13, -6/117 HPs)
             Began as a Red Draconian Wanderer on Mar 25, 2024.
             Was an Elder of Yredelemnul.
             Mangled by a death knight
             ... wielding a +0 battleaxe
             ... summoned by a boggart
              (11 damage)
             ... on level 14 of the Dungeon on Mar 26, 2024.
             The game lasted 02:16:30 (16805 turns).

Jefftoothebobb the Carver (Red Draconian Wanderer) Turns: 16805, Time: 02:16:31

Health: -6/117     AC: 13    Str: 20    XL:     13   Next: 45%
Magic:  9/14       EV: 21    Int: 12    God:    Yredelemnul [****..]
Gold:   1008       SH:  5    Dex: 11    Spells: 12/12 levels left

rFire   . . .        j - +0 scimitar (chaos)
rCold   + . .        (no shield)
rNeg    . . .        (body armour unavailable)
rPois   .            c - +0 hat
rElec   .            J - +2 cloak
rCorr   .            D - +0 pair of gloves
SInv    .            Q - +0 pair of boots
Will    .....        P - amulet of reflection
Stlth   +++++        U - +5 ring of evasion
HPRegen 0.39/turn    W - ring of ice
MPRegen 0.14/turn

%: reflection
@: about to teleport, weak-willed, wreathed by umbra, studying Fighting,
invisible
A: combustion breath, AC +8, unfitting armour, fire resistance 1, cold-blooded
a: Combustion Breath, Renounce Religion, Light the Black Torch, Recall Undead
Harvest, Hurl Torchlight, Bind Soul


You were on level 14 of the Dungeon.
You worshipped Yredelemnul.
Yredelemnul was noncommittal.
You visited 4 branches of the dungeon, and saw 19 of its levels.
You also visited: Bailey.

You collected 1008 gold pieces.

Inventory:

Hand Weapons
 a - a +0 scimitar of flaming
 j - a +0 scimitar of chaos (weapon)
 y - a +0 long sword
Missiles
 b - 7 throwing nets
 d - 36 poisoned darts (quivered)
Armour
 c - a +0 hat (worn)
 D - a +0 pair of gloves (worn)
 J - a +2 cloak (worn)
 Q - a +0 pair of boots (worn)
Magical Staves
 n - a staff of conjuration
 B - a staff of cold
 F - a staff of fire
Jewellery
 h - a ring of wizardry
 l - a +6 ring of strength
 v - a ring of willpower
 C - an amulet of magic regeneration
 I - a +6 ring of strength
 K - a ring of fire
 P - an amulet of reflection (around neck)
 T - a ring of flight
 U - a +5 ring of evasion (left hand)
 W - a ring of ice (right hand)
Wands
 i - a wand of mindburst (7)
 A - a wand of roots (12)
 O - a wand of polymorph (8)
Scrolls
 e - a scroll of amnesia
 p - 4 scrolls of brand weapon
 q - 2 scrolls of identify
 t - 2 scrolls of revelation
 w - 5 scrolls of poison
 x - 5 scrolls of teleportation
 E - a scroll of fog
 G - 2 scrolls of enchant armour {unknown}
 N - 3 scrolls of vulnerability {unknown}
 R - a scroll of immolation
 V - 2 scrolls of blinking {unknown}
 X - a scroll of silence {unknown}
 Y - 2 scrolls of enchant weapon {unknown}
Potions
 f - a potion of ambrosia
 g - a potion of haste
 k - a potion of enlightenment
 m - 2 potions of lignification
 o - a potion of invisibility
 s - 4 potions of curing
 u - 9 potions of mutation
 z - a potion of degeneration {unknown}
 H - 2 potions of cancellation
 L - 2 potions of resistance
 M - 2 potions of might {unknown}
Miscellaneous
 Z - a phantom mirror


   Skills:
 * Level 11.7 Fighting
 - Level 1.8(8.8) Short Blades
 * Level 13.3(13.4) Long Blades
 + Level 3.2 Throwing
 * Level 12.9 Dodging
 + Level 8.2 Stealth
 + Level 5.0 Shields
 + Level 0.6 Unarmed Combat
 + Level 2.0 Invocations
 + Level 1.0 Evocations


You had 12 spell levels left.
You didn't know any spells.
Your spell library contained the following spells:

 Spells                   Type           Power      Damage    Failure   Level
 Blink                    Tloc           0%         N/A       45%         2
 Call Imp                 Summ           0%         N/A       45%         2
 Lesser Beckoning         Tloc           0%         N/A       45%         2
 Momentum Strike          Conj/Tloc      0%         3d8       45%         2
 Sublimation of Blood     Necr           0%         N/A       45%         2
 Frozen Ramparts          Ice            0%         1d1       69%         3
 Gell's Gravitas          Tloc           0%         N/A       69%         3
 Ozocubu's Armour         Ice            0%         N/A       69%         3
 Stone Arrow              Conj/Erth      0%         3d7       69%         3
 Teleport Other           Tloc           0%         N/A       69%         3
 Leda's Liquefaction      Alch/Erth      0%         N/A       97%         4
 Petrify                  Alch/Erth      0%         N/A       97%         4
 Metabolic Englaciation   Hex/Ice        0%         N/A       100%        5
 Dispersal                Tloc           0%         N/A       100%        6
 Summon Hydra             Summ           0%         N/A       100%        7
 Lehudib's Crystal Spear  Conj/Erth      0%         10d2      100%        8
 Animate Armour           Summ/Erth      Unusable   N/A       N/A         4

Dungeon Overview and Level Annotations

Branches:
Dungeon (14/15)            Temple (0/1) D:5            Lair (3/5) D:8
 Spider (1/4) Lair:2          Orc (1/2) D:10         Vaults (0/5) D:13
 Bailey (visited)
  Swamp: Lair:2-3    Shoals: Lair:2-3

Altars:
Ashenzari
Cheibriados
Gozag
Hepliaklqana
Ru
Sif Muna
Trog
Vehumet
Yredelemnul

Annotations:
D:11 exclusion: ice statue


Innate Abilities, Weirdness & Mutations

You can breathe blasts of explosive embers.
Your fiery red scales are hard. (AC +8)
You cannot fit into any form of body armour.
Your flesh is heat resistant. (rF+)
You are cold-blooded and may be slowed by cold attacks.


Message History

The death knight hits your bound boulder beetle but does no damage.
You hit the death knight but do no damage.
The death knight is poisoned.
The death knight is heavily wounded.
Something hits your bound boulder beetle but does no damage.
Your bound boulder beetle closely misses the death knight.
You closely miss the death knight.
The death knight is heavily wounded.
Something hits your bound boulder beetle but does no damage.
The death knight hits you with a +0 battleaxe!
* * * LOW HITPOINT WARNING * * *
The death knight barely misses your bound boulder beetle.
The skeletal warrior hits your bound boulder beetle with a +0 mace!
The phantasmal warrior gestures at you.
The phantasmal warrior blinks!
Your bound boulder beetle closely misses the skeletal warrior.
As you read the scroll of fog, it dissolves into smoke.
Something barely misses your bound boulder beetle.
The death knight barely misses you.
The death knight hits your bound boulder beetle with a +0 battleaxe.
The skeletal warrior completely misses your bound boulder beetle.
The freezing wraith hits you!
* * * LOW HITPOINT WARNING * * *
The freezing wraith freezes you! You resist.
* * * LOW HITPOINT WARNING * * *
The freezing wraith closely misses you.
Your bound boulder beetle bites the skeletal warrior!
You fade into invisibility!
Something hits your bound boulder beetle but does no damage.
Something hits your boggart zombie.
Your boggart zombie hits the freezing wraith but does no damage.
The skeletal warrior hits your bound boulder beetle with a +0 mace.
Your bound boulder beetle is destroyed!
The death knight barely misses you. You block the freezing wraith's attack.
The freezing wraith closely misses you.
As you read the scroll of teleportation, it crumbles to dust.
You feel strangely unstable.
The death knight hits you with a +0 battleaxe!
You die...
Your body rises from the dead as a mindless zombie.

... .. .. ..# ###..## .
..###. .###.# #.....# ..
..... .....####<#...#
.Wz###.#..###.#.....#.#...###
....C..#......#.....#...?....
..c..e§###.#..###............
......g.(§Z#..Z..........####
..c.##.##{###.#.....)#.## .
#Z!.#Wp@..#....#.#V#
#....#z§§§§§.###.)#)#[#####
####...#§§§W........)......
##.###..§####.#.#....... #.
###..# #.#.<..##### #.
.......###..# ## #.#####
#..... .# #.##### #.#


You could see a death knight (summoned, unable to see you, poisoned), a
phantasmal warrior (summoned) and a freezing wraith (summoned).

Vanquished Creatures
  An orc warlord (Bailey)
  An ice dragon (D:13)
  2 centaur warriors (D:13)
  A boulder beetle (D:13)
  5 two-headed ogres
  2 tengu warriors (D:14)
  A shadow wraith (D:13)
  A sun moth (shapeshifter) (D:13)
  2 deep elf pyromancers
  2 cyclopes (D:13)
  4 elephants
  A cane toad (Lair:2)
  A gargoyle (D:12)
  A kobold demonologist (D:13)
  2 komodo dragons (Lair:2)
  Psyche (D:12)
  An efreet (D:14)
  2 tengu conjurers (D:14)
  2 trolls
  A troll (shapeshifter) (D:13)
  A tarantella (Spider:1)
  A jumping spider (Spider:1)
  2 shadows
  A wyvern (D:8)
  3 yaks
  A steam dragon (D:6)
  A redback (Lair:2)
  5 water moccasins
  6 orc warriors
  A sky beast (D:7)
  An ice beast (D:6)
  2 ogres (D:7)
  A black bear (D:8)
  2 boggarts (D:14)
  2 centaurs
  A phantom (D:6)
  2 kobold brigands
  3 bullfrogs
  3 scorpions
  10 killer bees
  4 howler monkeys
  A bombardier beetle (D:6)
  A jelly (D:6)
  2 hounds
  5 orc priests
  5 orc wizards
  3 iguanas
  6 adders
  8 gnolls
  A ribbon worm (D:4)
  4 dart slugs
  22 orcs
  7 ball pythons
  An endoplasm (D:4)
  A giant cockroach (D:3)
  4 goblins
  4 hobgoblins
  2 quokkas
  A bat (D:1)
  2 frilled lizards (D:3)
  14 kobolds
  3 orc zombies (D:9)
  2 rats (D:2)
  A butterfly (Lair:2)
187 creatures vanquished.

Vanquished Creatures (collateral kills)
  Snorg (D:10)
  3 centaur warriors
  A hydra (D:13)
  A necromancer (D:13)
  A deep elf pyromancer (D:9)
  A cyclops (D:13)
  A black mamba (Lair:2)
  7 elephants
  A gargoyle (D:12)
  An unseen horror (D:12)
  2 rime drakes
  2 komodo dragons (Lair:1)
  2 tengu conjurers (D:13)
  A freezing wraith (D:13)
  2 hornets
  3 trolls
  A wind drake (shapeshifter) (D:13)
  7 blink frogs (Lair:2)
  A slime creature (D:9)
  A jumping spider (Lair:2)
  A wyvern (Lair:2)
  7 yaks
  2 basilisks
  5 vampire mosquitoes
  An acid dragon (D:11)
  4 water moccasins
  An ice beast (D:4)
  2 sky beasts
  A centaur (shapeshifter) (D:13)
  A centaur (D:10)
  A kobold brigand (D:8)
  5 bullfrogs
  A scorpion (D:6)
  3 wights (D:8)
  11 killer bees
  A howler monkey (D:9)
  A bombardier beetle (D:5)
  3 jellies
  An orc priest (D:5)
  An iguana (D:5)
  4 orc wizards
  4 gnolls
  2 adders
  A shadow imp (D:8)
  13 orcs
  A ball python (D:4)
  A bat (D:2)
  An endoplasm (D:2)
  2 goblins
  2 hobgoblins
  11 kobolds
  A frilled lizard (D:1)
136 creatures vanquished.

Vanquished Creatures (others)
  A spectral boulder beetle (D:14)
  A spectral two-headed ogre (D:11)
  A tarantella zombie (Spider:1)
  A black mamba zombie (Lair:2)
  A spectral cane toad (Lair:1)
  3 tengu zombies (D:14)
  An elephant zombie (Lair:2)
  An elf zombie (D:14)
  A boggart (D:14)
  A komodo dragon zombie (Lair:1)
  A wyvern zombie (D:8)
  A water moccasin zombie (Lair:1)
  2 yak zombies (Lair:1)
  A troll zombie (D:11)
  4 centaur zombies
  2 bullfrog zombies
  A boggart zombie (D:14)
  3 killer bee zombies (D:10)
  An ice beast zombie (D:4)
  A hound zombie (D:5)
  2 howler monkey zombies
  A ribbon worm zombie (D:4)
  2 adder zombies
  18 orc zombies
  A spectral shadow imp (D:8)
  A bat zombie (D:2)
  2 gnoll zombies
  A goblin zombie (Bailey)
  4 hobgoblin zombies
  13 kobold zombies
  A quokka zombie (D:2)
75 creatures vanquished.

Grand Total: 398 creatures vanquished

Notes
Turn   | Place    | Note
-------+----------+-------------------------------------------
     0 | D:1      | Jefftoothebobb the Draconian Wanderer began the quest for
                  | the Orb.
     0 | D:1      | Jefftoothebobb set off with the following items: a +0
                  | falchion, 3 throwing nets, a +0 hat, 8 poisoned darts, a +0
                  | dagger, a potion of invisibility.
     0 | D:1      | Reached XP level 1. HP: 17/17 MP: 1/1
    31 | D:1      | Found a faded altar of an unknown god.
    70 | D:1      | Prayed at the altar of an unknown god.
    70 | D:1      | Became a worshipper of Yredelemnul the Fallen
    70 | D:1      | Reached * piety under Yredelemnul
   170 | D:1      | Reached XP level 2. HP: 16/24 MP: 2/2
   894 | D:1      | Reached skill level 1 in Short Blades
  1003 | D:2      | Reached XP level 3. HP: 29/29 MP: 3/3
  1122 | D:2      | Reached ** piety under Yredelemnul
  1150 | D:2      | HP: 1/29 [gnoll/+0 halberd (7)]
  1159 | D:2      | Reached XP level 4. HP: 4/36 MP: 4/4
  1322 | D:2      | Found a sacrificial altar of Ru.
  1677 | D:3      | Reached skill level 1 in Stealth
  1929 | D:3      | Found a hazy altar of Hepliaklqana.
  1992 | D:3      | Found a radiant altar of Vehumet.
  1994 | D:3      | Found a sacrificial altar of Ru.
  2490 | D:4      | Noticed an ice beast
  2506 | D:4      | Killed an ice beast
  2507 | D:4      | Reached skill level 2 in Long Blades
  2507 | D:4      | Reached XP level 5. HP: 34/42 MP: 5/5
  2795 | D:4      | Reached skill level 3 in Long Blades
  2795 | D:4      | Reached skill level 5 in Dodging
  2865 | D:4      | Reached XP level 6. HP: 42/50 MP: 4/6
  3228 | D:4      | Found a basalt altar of Yredelemnul.
  3247 | D:4      | Found an opulent altar of Gozag.
  3368 | D:5      | Entered Level 5 of the Dungeon
  3401 | D:5      | Reached *** piety under Yredelemnul
  3422 | D:5      | Reached skill level 4 in Long Blades
  3426 | D:5      | Found a staircase to the Ecumenical Temple.
  3582 | D:5      | Your scales start taking on a fiery red colour.
  3582 | D:5      | Reached XP level 7. HP: 57/57 MP: 7/7
  3582 | D:5      | Gained mutation: Your flesh is heat resistant. (rF+) [Red
                  | Draconian growth]
  3984 | D:6      | Reached skill level 5 in Long Blades
  4079 | D:6      | Noticed a steam dragon
  4097 | D:6      | Killed a steam dragon
  4098 | D:6      | Reached XP level 8. HP: 35/66 MP: 8/8
  4500 | D:6      | Reached skill level 6 in Long Blades
  4504 | D:6      | Reached **** piety under Yredelemnul
  5370 | D:7      | Reached skill level 7 in Long Blades
  5917 | D:7      | Identified the +2 robe of the Game of Life {rF+ Int-4
                  | Slay+6}
  5940 | D:7      | Reached XP level 9. HP: 72/72 MP: 9/9
  6104 | D:7      | Found a bloodstained altar of Trog.
  6341 | D:8      | Paralysed by a hornet for 2 turns
  6374 | D:8      | Reached skill level 8 in Long Blades
  6566 | D:8      | Reached skill level 5 in Fighting
  6620 | D:8      | Found a staircase to the Lair.
  6620 | D:8      | Noticed an elephant
  6641 | D:8      | Killed an elephant
  6642 | D:8      | Reached skill level 1 in Shields
  6902 | Lair:1   | Entered Level 1 of the Lair of Beasts
  6950 | Lair:1   | Noticed a black mamba
  6959 | Lair:1   | Killed a black mamba
  6959 | Lair:1   | Bound a black mamba
  7057 | Lair:1   | Noticed a komodo dragon
  7082 | Lair:1   | Reached XP level 10. HP: 39/81 MP: 10/10
  7084 | Lair:1   | Reached skill level 9 in Long Blades
  7086 | Lair:1   | Reached skill level 5 in Stealth
  7161 | Lair:1   | Paralysed by a hornet for 2 turns
  7492 | Lair:1   | Noticed a cane toad
  7501 | Lair:1   | Killed a cane toad
  7501 | Lair:1   | Bound a cane toad
  7610 | Lair:1   | Reached skill level 1 in Invocations
  7620 | Lair:1   | Noticed an elephant
  7621 | Lair:1   | Noticed an elephant
  7621 | Lair:1   | Noticed an elephant
  7623 | Lair:1   | Noticed an elephant
  7623 | Lair:1   | Noticed an elephant
  7634 | Lair:1   | Noticed an elephant
  7638 | Lair:1   | Killed an elephant
  7639 | Lair:1   | Killed an elephant
  7645 | Lair:1   | Killed an elephant
  7649 | Lair:1   | Killed an elephant
  7655 | Lair:1   | Killed an elephant
  7665 | Lair:1   | Killed an elephant
  8087 | Lair:2   | Reached skill level 10 in Long Blades
  8087 | Lair:2   | Reached XP level 11. HP: 91/91 MP: 12/12
  8171 | Lair:2   | Reached skill level 10 in Dodging
  8928 | Lair:2   | Found a hole to the Spider Nest.
  8940 | Lair:2   | Reached skill level 11 in Long Blades
  9039 | Spider:1 | Entered Level 1 of the Spider Nest
  9159 | Spider:1 | Noticed a demonic crawler
  9271 | Lair:3   | Noticed an eight-headed hydra
  9271 | Lair:3   | Noticed a seven-headed hydra
  9685 | D:9      | Found a snail-covered altar of Cheibriados.
 10195 | D:9      | Noticed a deep elf pyromancer
 10235 | D:9      | Killed a deep elf pyromancer
 10749 | D:10     | Entered Level 10 of the Dungeon
 10796 | D:10     | Reached ***** piety under Yredelemnul
 10920 | D:10     | Found a flagged portal.
 10927 | D:10     | Noticed a two-headed ogre
 10935 | D:10     | Killed a two-headed ogre
 10936 | D:10     | Reached XP level 12. HP: 101/101 MP: 13/13
 10942 | Bailey   | Entered a bailey
 10947 | Bailey   | Noticed an orc warlord
 11057 | Bailey   | Found a runed translucent gate.
 11059 | Bailey   | Found a runed translucent gate.
 11061 | Bailey   | Found a runed translucent gate.
 11184 | Bailey   | Killed an orc warlord
 11634 | D:10     | Noticed Snorg
 11643 | D:10     | Killed Snorg
 11677 | D:10     | Found a broken altar of Ashenzari.
 12131 | D:10     | Found a staircase to the Orcish Mines.
 12242 | Orc:1    | Entered Level 1 of the Orcish Mines
 12360 | D:11     | Acquired a manual of Fighting
 12581 | D:11     | Noticed a two-headed ogre
 12589 | D:11     | Noticed a two-headed ogre
 12593 | D:11     | Killed a two-headed ogre
 12593 | D:11     | Bound a two-headed ogre
 12608 | D:11     | Killed a two-headed ogre
 13390 | D:12     | Noticed a two-headed ogre
 13403 | D:12     | Killed a two-headed ogre
 13404 | D:12     | Reached skill level 12 in Long Blades
 13701 | D:12     | Noticed a boulder beetle
 13719 | D:12     | Killed a boulder beetle
 13719 | D:12     | Bound a boulder beetle
 13837 | D:12     | Found a shimmering blue altar of Sif Muna.
 14070 | D:12     | Noticed Psyche
 14079 | D:12     | Killed Psyche
 14670 | D:13     | Noticed an ice dragon
 14690 | D:13     | Killed an ice dragon
 14841 | D:13     | Found a gate to the Vaults.
 14961 | D:13     | Noticed a two-headed ogre
 14965 | D:13     | Killed a two-headed ogre
 14984 | D:13     | Noticed a boulder beetle
 15007 | D:13     | Killed a boulder beetle
 15008 | D:13     | Reached XP level 13. HP: 105/112 MP: 14/14
 15512 | D:13     | Reached skill level 10 in Fighting
 15938 | D:13     | Reached skill level 13 in Long Blades
 16222 | D:13     | Upgraded the game from 0.32-a0-834-geaf45d8e21 to
                  | 0.32-a0-841-g4648e6c457
 16442 | D:14     | Reached skill level 5 in Shields
 16802 | D:14     | HP: 4/117 [freezing wraith[a boggart] (8)]
 16805 | D:14     | Mangled by a death knight

Illustrated notes

Levels and vault maps discovered:
D:1:      dpeg_arrival_round_b, layout_loops_ring,
          shapermc_ecumenical_altar_notcrosses
D:2:      layout_rooms, basic_altar, due_unseen_surprise
D:3:      layout_basic, mainiacjoe_overflow_alcove_4,
          nicolae_overflow_hidden_temple, skrybe_limestone_x,
          minmay_gold_behind_fungi, hangedman_abyss_or_decor_lesser_grid
D:4:      layout_loops_cross, mainiacjoe_overflow_catwalk_spiral,
          chequers_serial_rivers_marsh
D:5:      layout_rooms, minmay_temple_entry_mist
D:6:      layout_gridville, chequers_serial_rivers_micro_a,
          chequers_serial_rivers_micro_d
D:7:      layout_layer_cave, marbit_many_paths, grunt_ogre_cave, minivault_10
D:8:      layout_loops_ring, david_lair_generic,
          hellmonk_guarded_unrand_vitality_bloodlust
D:9:      minmay_chambers_of_sixes, layout_stronghold,
          mainiacjoe_overflow_boulevard, patterned_corridor
D:10:     layout_basic, nicolae_ashenzari_panopticon, enter_bailey_2,
          kennysheep_minor_cross, serial_park_tiny_pond, uniq_snorg
D:11:     layout_cave_pools, minivault_16, kennysheep_generic_room_4
D:12:     layout_stronghold, lemuel_blue_sif_altar, uniq_psyche
D:13:     layout_stronghold, david_vaults_4
D:14:     kennysheep_treasure_stockpile, layout_loops_ring,
          hangedman_decor_points, kennysheep_opposing_triangles
Lair:1:   layout_roguey, grunt_megastairs_2
Lair:2:   hellmonk_destroyed_diamonds, layout_misc_corridors,
          spider_nest_entry_funnel_web, lemuel_fruit_fields
Lair:3:   layout_roguey, minmay_shoals_entry_lonely_mermaid,
          serial_bayou_shore_b, uniq_nessos
Spider:1: layout_spider_delve, nzn_ghost_randoct
Orc:1:    layout_diamond_mine, minmay_orc_keep

Skill      XL: |  1  2  3  4  5  6  7  8  9 10 11 12 13 |
---------------+----------------------------------------+-----
Dodging        | 4 5 6 7 8 9 11 12 | 12.9
Short Blades   | 1 |  1.8
Stealth        | 1 2 3 4 5 6 7 8 |  8.2
Long Blades    | 2 3 4 5 7 8 10 11 12 13 | 13.3
Fighting       | 3 4 5 6 8 9 11 | 11.7
Throwing       | 2 3 |  3.2
Shields        | 1 3 4 5 |  5.0
Invocations    | 1 2 |  2.0
Unarmed Combat | |  0.6
Evocations     | |  1.0

Action                     |  1- 3 |  4- 6 |  7- 9 | 10-12 | 13-15 || total
---------------------------+-------+-------+-------+-------+-------++-------
  Melee: Falchion          |    63 |     2 |       |       |       ||    65
         Tailslap          |     6 |    20 |    49 |    93 |    23 ||   191
         Scimitar          |       |   128 |   266 |   555 |   134 ||  1083
         Unarmed           |       |       |       |     6 |       ||     6
  Throw: Dart              |       |     2 |     5 |    16 |     2 ||    25
 Invoke: Light the Black T |     2 |     3 |     4 |     8 |     1 ||    18
         Bind Soul         |       |       |     1 |     3 |       ||     4
         Recall Undead Har |       |       |       |     1 |     1 ||     2
         Hurl Torchlight   |       |       |       |       |     1 ||     1
  Evoke: Phantom mirror    |       |       |       |     1 |       ||     1
    Use: Potion            |     1 |       |     1 |    13 |     4 ||    19
         Scroll            |       |       |    12 |    14 |     3 ||    29
   Stab: Sleeping          |     1 |     2 |     6 |    18 |     2 ||    29
         Invisible         |       |     1 |       |       |       ||     1
         Distracted        |       |     1 |     4 |     7 |     2 ||    14
         Confused          |       |       |       |     9 |     1 ||    10
         Paralysed         |       |       |       |     2 |       ||     2
 Armour: Skin              |    43 |    89 |   161 |   238 |   126 ||   657
  Dodge: Dodged            |    54 |    76 |   204 |   566 |   177 ||  1077
  Block: Other             |       |       |    26 |   139 |    32 ||   197
         Reflection        |       |       |     1 |     2 |       ||     3

Table legend: (Time is in decaauts)
 A = Elapsed time spent in this place.
 B = Non-inter-level travel time spent in this place.
 C = Inter-level travel time spent in this place.
 D = Time resting spent in this place.
 E = Time spent auto-exploring this place.
 F = Levels seen in this place.
 G = Mean time per level.
                   A        B        C        D        E       F      G
               +--------+--------+--------+--------+--------+-----+--------+
         Total |  16723 |  14116 |   2607 |      0 |   9976 |  20 |  836.2 |
       Dungeon |  13684 |  11518 |   2166 |      0 |   8696 |  14 |  977.4 |
          Lair |   2413 |   1974 |    439 |      0 |   1190 |   3 |  804.3 |
   Spider Nest |    164 |    162 |      2 |      0 |     90 |   1 |  164.0 |
  Orcish Mines |      1 |      1 |      0 |      0 |      0 |   1 |    1.0 |
        Bailey |    459 |    459 |      0 |      0 |      0 |   1 |  459.0 |
               +--------+--------+--------+--------+--------+-----+--------+

Top non-repeatable levels by time:
    D:13: 1787 daAuts
    D:12: 1483 daAuts
     D:7: 1309 daAuts
  Lair:1: 1212 daAuts
  Lair:2: 1200 daAuts
     D:9: 1188 daAuts
     D:6: 1145 daAuts
    D:10: 1012 daAuts
     D:1: 986 daAuts
     D:4: 984 daAuts
    D:11: 814 daAuts
     D:3: 786 daAuts
     D:2: 659 daAuts
     D:8: 602 daAuts
     D:5: 527 daAuts
